Atomiques vs Gangsters
Created - 26 mars 2014 at 23:12
Goals
|
| Atomiques |
0 |
3 |
3 |
6 |
| Gangsters |
1 |
2 |
1 |
4 |
|
Shots
|
| Atomiques |
13 |
10 |
11 |
34 |
| Gangsters |
16 |
7 |
11 |
34 |
|
1st period
1. Gangsters , Alexandre Bolduc 33 (Chris Bourque, Ryan Keller) at 12:26 (PP)
Penalties :
Linus Omark (STB) for Hooking (Minor) at 4:56, Linus Omark (STB) for Hooking (Minor) at 11:43, Artem Anisimov (Bro) for High sticking (Minor) at 14:01, Maxime Sauvé (Bro) for Hooking (Minor) at 19:26
2nd period
2. Atomiques , Linus Omark 47 (Alexandre Daigle, Tyler Brenner) at 0:12 (PP)
3. Gangsters , Shaun Heska 2 (Chris Bourque) at 1:15
4. Gangsters , Ryan Jones 22 (Nick Foligno, Artem Anisimov) at 4:29
5. Atomiques , Marc-André Cliche 13 (Brad Winchester) at 9:58
6. Atomiques , Linus Omark 48 (Mattias Ohlund, John Carlson) at 13:27
Penalties :
Ville Koistinen (Bro) for Hooking (Minor) at 10:21, Dave Dziurzynski (Bro) for Interference (Minor) at 14:36, Kenndal McArdle (STB) for Hooking (Minor) at 18:04
3rd period
7. Gangsters , Nick Foligno 14 (Cory Murphy, Artem Anisimov) at 1:14
8. Atomiques , Mattias Ohlund 7 (John Carlson) at 2:51 (PP)
9. Atomiques , John Carlson 3 (Alexandre Daigle, Mattias Ohlund) at 9:26 (PP)
10. Atomiques , Tyler Brenner 16 (Janne Niinimaa, Linus Omark) at 18:26
Penalties :
Alexandre Bolduc (Bro) for Goalie Interference (Minor) at 2:40, Maxime Sauvé (Bro) for Hooking (Minor) at 5:45, Colten Teubert (Bro) for Charging (Minor) at 9:11, Dave Dziurzynski (Bro) for Tripping (Minor) at 10:34, Nick Johnson (STB) for Hooking (Minor) at 18:33
Goalie Stats
Curtis McElhinney (STB), 30 saves from 34 shots - (0,882), W, 4-10-5, 60:00 minutes
David LeNeveu (Bro), 28 saves from 34 shots - (0,824), L, 21-25-3, 60:00 minutes
Players Stats for Atomiques
Player Name G A P +/- PIM S H SB GA TA FO MP PP MP PK MP
------------------------------------------------------------------------------------
Alexandre Daigle 0 2 2 2 0 3 1 0 1 0 1/4 19:50 6:09 0:00
Andrew Kozek 0 0 0 -1 0 0 0 0 0 0 0/0 8:37 0:00 1:21
Brad Winchester 0 1 1 0 0 4 0 0 1 0 5/8 20:22 4:58 3:51
Brett Sutter 0 0 0 -1 0 0 1 0 1 0 3/8 10:43 0:00 0:27
Drew Larman 0 0 0 -1 0 0 0 0 0 0 1/2 7:16 0:00 0:00
Janne Niinimaa 0 1 1 1 0 2 1 0 1 0 0/0 21:33 0:09 3:49
John Carlson 1 2 3 1 0 4 0 1 0 2 0/0 23:48 7:11 2:12
John Zeiler 0 0 0 0 0 5 1 1 1 1 0/0 20:18 4:58 3:47
Kenndal McArdle 0 0 0 -2 2 0 1 0 0 1 1/1 11:39 0:00 0:13
Linus Omark 2 1 3 2 4 4 3 0 1 0 0/0 20:44 6:09 0:56
Luke Schenn 0 0 0 0 0 1 1 2 0 0 0/0 18:54 3:47 2:12
Marc-André Cliche 1 0 1 1 0 1 1 0 0 0 3/8 15:20 4:58 0:00
Mattias Ohlund 1 2 3 2 0 6 1 2 1 1 0/0 29:28 7:20 3:55
Nick Johnson 0 0 0 -1 2 0 0 0 0 0 0/1 10:15 0:00 0:00
Roman Polak 0 0 0 -2 0 1 1 0 0 1 0/0 11:44 0:00 0:06
Ryan Shannon 0 0 0 -1 0 2 3 1 0 1 0/0 8:55 0:00 1:39
Scott Jackson 0 0 0 -2 0 0 1 0 0 0 0/0 14:33 3:47 0:00
Tyler Brenner 1 1 2 2 0 1 1 0 0 0 8/29 19:50 6:09 0:00
Players Stats for Gangsters
Player Name G A P +/- PIM S H SB GA TA FO MP PP MP PK MP
------------------------------------------------------------------------------------
Alexandre Bolduc 1 0 1 -2 2 3 1 1 1 1 12/22 15:55 3:16 1:17
Artem Anisimov 0 2 2 2 2 3 1 1 1 0 9/12 16:56 2:37 0:00
Ben Holmstrom 0 0 0 0 0 0 0 0 0 0 0/0 0:00 0:00 0:00
Bradley Malone 0 0 0 0 0 0 1 0 0 0 0/0 1:25 0:08 0:00
Brock Bradford 0 0 0 -1 0 0 1 0 0 0 3/6 10:44 0:14 0:00
Bryan Young 0 0 0 0 0 1 0 4 0 1 0/0 23:07 3:12 4:27
Chris Bourque 0 2 2 0 0 3 1 0 0 0 2/2 24:53 3:22 6:11
Colten Teubert 0 0 0 -1 2 0 2 0 0 0 0/0 13:19 0:21 0:52
Cory Murphy 0 1 1 1 0 8 2 1 2 1 0/0 31:15 2:42 6:55
Dave Dziurzynski 0 0 0 -1 4 0 2 0 0 0 1/2 11:47 0:00 1:05
Luke Gazdic 0 0 0 0 0 0 1 0 0 0 0/1 8:57 0:00 0:48
Maxime Sauvé 0 0 0 0 4 2 1 0 0 0 1/4 8:49 0:08 0:00
Nathan Moon 0 0 0 0 0 0 0 0 0 0 0/0 0:00 0:00 0:00
Nick Foligno 1 1 2 2 0 4 3 0 1 0 1/1 21:20 2:37 4:04
Phil McRae 0 0 0 0 0 0 0 0 0 0 0/0 0:00 0:00 0:00
Ryan Jones 1 0 1 2 0 5 1 1 0 1 0/0 20:15 2:37 2:37
Ryan Keller 0 1 1 -1 0 2 1 0 0 1 10/11 26:50 3:22 6:12
Shaun Heska 1 0 1 0 0 1 2 1 1 0 0/0 26:02 3:12 4:12
Ville Koistinen 0 0 0 -1 2 2 2 3 1 2 0/0 27:11 2:47 5:48
3 Stars
1 - Mattias Ohlund (STB)
2 - Linus Omark (STB)
3 - Nick Foligno (Bro)
Power Play
Atomiques - 3 on 8 Attempt(s) - 37,50%
Gangsters - 1 on 4 Attempt(s) - 25,00%
Penalty Kill
Atomiques - 3 on 4 Attempt(s) - 75,00%
- Score 0 goal in Penalty Kill
Gangsters - 5 on 8 Attempt(s) - 62,50%
- Score 0 goal in Penalty Kill
Official
Referees : Walkom Stephen and Martell Rob
Linesman : Brian Murphy and Derek Amell
Game Notes
No Game Note
Finance
Level 1 -- Attendance: 1450 (72,50%) -- Ticket Income 50 750 $
Level 2 -- Attendance: 773 (77,30%) -- Ticket Income 11 595 $
Total Attendance: 2223 (74,10%)
Total Ticket Income: 62 345 $
Other Income: 3 117 $
Total Income: 65 462 $
Atomiques
5 vs 5 Forward
Center Left Wing Right Wing Time % Phy DF OF
1 Tyler Brenner Linus Omark Alexandre Daigle 40 1 2 2
2 Marc-André Cliche Brad Winchester John Zeiler 30 1 2 2
3 Brett Sutter Kenndal McArdle Nick Johnson 20 1 2 2
4 Drew Larman Andrew Kozek Ryan Shannon 10 1 2 2
5 vs 5 Defense
Defense Defense Time % Phy DF OF
1 Mattias Ohlund Janne Niinimaa 40 1 2 2
2 John Carlson Luke Schenn 30 1 2 2
3 Scott Jackson Roman Polak 20 1 2 2
4 Mattias Ohlund Janne Niinimaa 10 1 2 2
PowerPlay Forward
Center Left Wing Right Wing Time % Phy DF OF
1 Tyler Brenner Linus Omark Alexandre Daigle 60 1 2 2
2 Marc-André Cliche Brad Winchester John Zeiler 40 1 2 2
PowerPlay Defense
Defense Defense Time % Phy DF OF
1 Mattias Ohlund John Carlson 60 1 2 2
2 Luke Schenn Scott Jackson 40 1 2 2
Penalty Kill 4 Players Forward
Center Wing Time % Phy DF OF
1 Brad Winchester John Zeiler 60 1 2 2
2 Ryan Shannon Linus Omark 40 1 2 2
Penalty Kill 4 Players Defense
Defense Defense Time % Phy DF OF
1 Mattias Ohlund Janne Niinimaa 60 1 2 2
2 John Carlson Luke Schenn 40 1 2 2
Penalty Kill - 3 Players Forward
Forward Time % Phy DF OF
1 Brad Winchester 60 1 2 2
2 John Zeiler 40 1 2 2
Penalty Kill - 3 Players Defense
Defense Defense Time % Phy DF OF
1 Mattias Ohlund Janne Niinimaa 60 1 2 2
2 John Carlson Luke Schenn 40 1 2 2
4 vs 4 Forward
Center Wing Time % Phy DF OF
1 Tyler Brenner Brad Winchester 60 1 2 2
2 Alexandre Daigle John Zeiler 40 1 2 2
4 vs 4 Defense
Defense Defense Time % Phy DF OF
1 Mattias Ohlund Janne Niinimaa 60 1 2 2
2 John Carlson Luke Schenn 40 1 2 2
Last Minutes Offensive
Center Left Wing Right Wing Defense Defense
Tyler Brenner Brad Winchester John Zeiler Mattias Ohlund Janne Niinimaa
Last Minutes Defensive
Center Left Wing Right Wing Defense Defense
Tyler Brenner Brad Winchester John Zeiler Mattias Ohlund Janne Niinimaa
Goaltenders
Starting : Curtis McElhinney
Backup : Andrew Raycroft
Extra Forwards
Normal : Nick Johnson, Kenndal McArdle, Andrew Kozek - PP : Nick Johnson, Kenndal McArdle - PK : Andrew Kozek
Extra Defensemen
Normal : Luke Schenn, Roman Polak, John Carlson - PP : Luke Schenn - PK : Roman Polak, John Carlson
Penalty Shots
Brad Winchester, John Zeiler, Ryan Shannon, Linus Omark, Nick Johnson
Gangsters
5 vs 5 Forward
Center Left Wing Right Wing Time % Phy DF OF
1 Alexandre Bolduc Chris Bourque Ryan Keller 40 1 2 2
2 Artem Anisimov Nick Foligno Ryan Jones 30 1 2 2
3 Brock Bradford Dave Dziurzynski Ryan Keller 20 1 2 2
4 Maxime Sauvé Luke Gazdic Chris Bourque 10 1 2 2
5 vs 5 Defense
Defense Defense Time % Phy DF OF
1 Cory Murphy Ville Koistinen 40 1 2 2
2 Shaun Heska Bryan Young 30 1 2 2
3 Colten Teubert Cory Murphy 20 1 2 2
4 Ville Koistinen Shaun Heska 10 1 2 2
PowerPlay Forward
Center Left Wing Right Wing Time % Phy DF OF
1 Alexandre Bolduc Chris Bourque Ryan Keller 60 1 2 2
2 Artem Anisimov Nick Foligno Ryan Jones 40 1 2 2
PowerPlay Defense
Defense Defense Time % Phy DF OF
1 Cory Murphy Ville Koistinen 60 1 2 2
2 Shaun Heska Bryan Young 40 1 2 2
Penalty Kill 4 Players Forward
Center Wing Time % Phy DF OF
1 Ryan Keller Chris Bourque 60 1 2 2
2 Nick Foligno Ryan Jones 40 1 2 2
Penalty Kill 4 Players Defense
Defense Defense Time % Phy DF OF
1 Cory Murphy Ville Koistinen 60 1 2 2
2 Shaun Heska Bryan Young 40 1 2 2
Penalty Kill - 3 Players Forward
Forward Time % Phy DF OF
1 Ryan Keller 60 1 2 2
2 Chris Bourque 40 1 2 2
Penalty Kill - 3 Players Defense
Defense Defense Time % Phy DF OF
1 Cory Murphy Ville Koistinen 60 1 2 2
2 Shaun Heska Bryan Young 40 1 2 2
4 vs 4 Forward
Center Wing Time % Phy DF OF
1 Ryan Keller Chris Bourque 60 1 2 2
2 Nick Foligno Ryan Jones 40 1 2 2
4 vs 4 Defense
Defense Defense Time % Phy DF OF
1 Cory Murphy Ville Koistinen 60 1 2 2
2 Shaun Heska Bryan Young 40 1 2 2
Last Minutes Offensive
Center Left Wing Right Wing Defense Defense
Alexandre Bolduc Chris Bourque Ryan Keller Cory Murphy Ville Koistinen
Last Minutes Defensive
Center Left Wing Right Wing Defense Defense
Alexandre Bolduc Chris Bourque Ryan Keller Cory Murphy Ville Koistinen
Goaltenders
Starting : David LeNeveu
Backup : Dustin Tokarski
Extra Forwards
Normal : Brock Bradford, Maxime Sauvé, Dave Dziurzynski - PP : Brock Bradford, Maxime Sauvé - PK : Dave Dziurzynski
Extra Defensemen
Normal : Colten Teubert, Bryan Young, Cory Murphy - PP : Colten Teubert - PK : Bryan Young, Cory Murphy
Penalty Shots
Ryan Keller, Chris Bourque, Nick Foligno, Ryan Jones, Alexandre Bolduc
% Time on Ice - Atomiques
Lines # - Real PCT - Wanted PCT - Time Play
Normal Forward
1 - 35% - 40% - 14:52
2 - 24% - 30% - 10:22
3 - 24% - 20% - 10:16
4 - 17% - 10% - 7:16
Normal Defense
1 - 43% - 40% - 18:26
2 - 30% - 30% - 12:50
3 - 25% - 20% - 10:33
4 - 2% - 10% - 0:57
PP Forward
1 - 55% - 60% - 6:09
2 - 45% - 40% - 4:58
PP Defense
1 - 66% - 60% - 7:20
2 - 34% - 40% - 3:47
PK Forward
1 - 73% - 60% - 4:28
2 - 27% - 40% - 1:39
PK Defense
1 - 64% - 60% - 3:55
2 - 36% - 40% - 2:12
PK3 Forward
1 - 0% - 60%
2 - 0% - 40%
PK3 Defense
1 - 0% - 60%
2 - 0% - 40%
44 Forward
1 - 0% - 60%
2 - 0% - 40%
44 Defense
1 - 0% - 60%
2 - 0% - 40%
Last Minute Offensive - 0:00
Last Minute Defensive - 0:00
Total
Forward - 60:00
Defense - 60:00
|
% Time on Ice - Gangsters
Lines # - Real PCT - Wanted PCT - Time Play
Normal Forward
1 - 31% - 40% - 13:04
2 - 34% - 30% - 14:33
3 - 19% - 20% - 8:10
4 - 16% - 10% - 6:59
Normal Defense
1 - 35% - 40% - 15:07
2 - 33% - 30% - 14:06
3 - 22% - 20% - 9:21
4 - 10% - 10% - 4:12
PP Forward
1 - 57% - 60% - 3:30
2 - 43% - 40% - 2:37
PP Defense
1 - 48% - 60% - 2:55
2 - 52% - 40% - 3:12
PK Forward
1 - 76% - 60% - 8:30
2 - 24% - 40% - 2:37
PK Defense
1 - 70% - 60% - 7:47
2 - 30% - 40% - 3:20
PK3 Forward
1 - 0% - 60%
2 - 0% - 40%
PK3 Defense
1 - 0% - 60%
2 - 0% - 40%
44 Forward
1 - 0% - 60%
2 - 0% - 40%
44 Defense
1 - 0% - 60%
2 - 0% - 40%
Last Minute Offensive - 0:00
Last Minute Defensive - 0:00
Total
Forward - 60:00
Defense - 60:00
|
Play by Play
1st period
0:01 of 1st period - Ryan Keller wins face-off versus Tyler Brenner in neutral zone.
0:57 of 1st period - Snap shot by Kenndal McArdle.
0:57 of 1st period - Shot Misses the Net.
1:08 of 1st period - Shaun Heska is hit by Brett Sutter and loses puck.
1:21 of 1st period - Snap shot by Ryan Shannon.
1:21 of 1st period - Shot Misses the Net.
1:23 of 1st period - Slapshot by Andrew Kozek.
1:23 of 1st period - Shot Misses the Net.
1:25 of 1st period - Snap shot by Mattias Ohlund.
1:25 of 1st period - Stopped by David LeNeveu with a rebound.
1:27 of 1st period - Slapshot by Mattias Ohlund.
1:27 of 1st period - Shot Misses the Net.
2:27 of 1st period - Slapshot by Luke Schenn.
2:27 of 1st period - Stopped by David LeNeveu with a rebound.
3:27 of 1st period - Dave Dziurzynski is hit by Linus Omark and loses puck.
3:54 of 1st period - Snap shot by Brad Winchester.
3:54 of 1st period - Stopped by David LeNeveu without a rebound.
3:55 of 1st period - Marc-André Cliche wins face-off versus Maxime Sauvé in Gangsters zone.
4:10 of 1st period - Snap shot by Brad Winchester.
4:10 of 1st period - Shot Blocked by Ville Koistinen.
4:20 of 1st period - Brad Winchester is hit by Bradley Malone and loses puck.
4:25 of 1st period - Slapshot by Maxime Sauvé.
4:25 of 1st period - Deflect By Brad Winchester.
4:25 of 1st period - Stopped by Curtis McElhinney with a rebound.
4:27 of 1st period - Slapshot by Bryan Young.
4:27 of 1st period - Stopped by Curtis McElhinney with a rebound.
4:29 of 1st period - Snap shot by Ville Koistinen.
4:29 of 1st period - Stopped by Curtis McElhinney with a rebound.
4:31 of 1st period - Slapshot by Ville Koistinen.
4:31 of 1st period - Deflect By Maxime Sauvé.
4:31 of 1st period - Stopped by Curtis McElhinney with a rebound.
4:41 of 1st period - Snap shot by John Zeiler.
4:41 of 1st period - Stopped by David LeNeveu without a rebound.
4:42 of 1st period - Tyler Brenner wins face-off versus Alexandre Bolduc in Gangsters zone.
4:56 of 1st period - Minor Penalty to Linus Omark for Hooking.
4:57 of 1st period - Alexandre Bolduc wins face-off versus Brad Winchester in Atomiques zone.
6:56 of 1st period - Penalty to Linus Omark is over, Linus Omark is back on ice.
7:11 of 1st period - Brock Bradford is hit by Linus Omark and loses puck.
7:18 of 1st period - Slapshot by Cory Murphy.
7:18 of 1st period - Stopped by Curtis McElhinney with a rebound.
7:20 of 1st period - Slapshot by Cory Murphy.
7:20 of 1st period - Deflect By Kenndal McArdle.
7:20 of 1st period - Stopped by Curtis McElhinney without a rebound.
7:21 of 1st period - Alexandre Bolduc wins face-off versus Nick Johnson in Atomiques zone.
8:28 of 1st period - Snap shot by Brad Winchester.
8:28 of 1st period - Deflect By John Zeiler.
8:28 of 1st period - Stopped by David LeNeveu with a rebound.
9:44 of 1st period - Snap shot by John Zeiler.
9:44 of 1st period - Stopped by David LeNeveu with a rebound.
9:58 of 1st period - Janne Niinimaa is hit by Cory Murphy and loses puck.
10:41 of 1st period - Icing by Ville Koistinen.
10:42 of 1st period - Brett Sutter wins face-off versus Alexandre Bolduc in Gangsters zone.
11:38 of 1st period - Wrist shot by Ryan Shannon.
11:38 of 1st period - Stopped by David LeNeveu without a rebound.
11:39 of 1st period - Alexandre Bolduc wins face-off versus Tyler Brenner in Gangsters zone.
11:43 of 1st period - Minor Penalty to Linus Omark for Hooking.
11:44 of 1st period - Brad Winchester wins face-off versus Alexandre Bolduc in Atomiques zone.
11:52 of 1st period - Snap shot by Chris Bourque.
11:52 of 1st period - Stopped by Curtis McElhinney without a rebound.
11:53 of 1st period - Brad Winchester wins face-off versus Alexandre Bolduc in Atomiques zone.
12:00 of 1st period - Snap shot by John Zeiler.
12:00 of 1st period - Shot Misses the Net.
12:10 of 1st period - Snap shot by Chris Bourque.
12:10 of 1st period - Stopped by Curtis McElhinney with a rebound.
12:12 of 1st period - Snap shot by Alexandre Bolduc.
12:12 of 1st period - Stopped by Curtis McElhinney with a rebound.
12:14 of 1st period - Snap shot by Alexandre Bolduc.
12:14 of 1st period - Shot Misses the Net.
12:22 of 1st period - Snap shot by Alexandre Bolduc.
12:22 of 1st period - Shot Misses the Net.
12:24 of 1st period - Slapshot by Alexandre Bolduc.
12:24 of 1st period - Shot Misses the Net.
12:26 of 1st period - Wrist shot by Alexandre Bolduc.
12:26 of 1st period - Goal by Alexandre Bolduc - Atomiques : 0 - Gangsters : 1.
12:27 of 1st period - Artem Anisimov wins face-off versus Tyler Brenner in neutral zone.
12:32 of 1st period - Snap shot by Ryan Jones.
12:32 of 1st period - Stopped by Curtis McElhinney with a rebound.
12:52 of 1st period - Marc-André Cliche is hit by Alexandre Bolduc and loses puck.
13:36 of 1st period - Snap shot by Chris Bourque.
13:36 of 1st period - Shot Blocked by Luke Schenn.
13:40 of 1st period - Wrist shot by Ryan Keller.
13:40 of 1st period - Shot Blocked by John Carlson.
13:42 of 1st period - Slapshot by Ville Koistinen.
13:42 of 1st period - Stopped by Curtis McElhinney with a rebound.
13:44 of 1st period - Backhand shot by Cory Murphy.
13:44 of 1st period - Stopped by Curtis McElhinney without a rebound.
13:45 of 1st period - Artem Anisimov wins face-off versus Marc-André Cliche in Atomiques zone.
13:56 of 1st period - Slapshot by Brad Winchester.
13:56 of 1st period - Shot Misses the Net.
13:58 of 1st period - Slapshot by Janne Niinimaa.
13:58 of 1st period - Stopped by David LeNeveu without a rebound.
13:59 of 1st period - Artem Anisimov wins face-off versus Alexandre Daigle in Gangsters zone.
14:01 of 1st period - Minor Penalty to Artem Anisimov for High sticking.
14:02 of 1st period - Ryan Keller wins face-off versus Tyler Brenner in Gangsters zone.
14:43 of 1st period - Wrist shot by Ryan Jones.
14:43 of 1st period - Shot Blocked by Mattias Ohlund.
15:27 of 1st period - Tyler Brenner is hit by Cory Murphy and loses puck.
15:49 of 1st period - Icing by Brad Winchester.
15:50 of 1st period - Dave Dziurzynski wins face-off versus Marc-André Cliche in Atomiques zone.
16:01 of 1st period - Penalty to Artem Anisimov is over, Artem Anisimov is back on ice.
16:39 of 1st period - Snap shot by Ryan Keller.
16:39 of 1st period - Stopped by Curtis McElhinney with a rebound.
16:41 of 1st period - Wrist shot by Artem Anisimov.
16:41 of 1st period - Stopped by Curtis McElhinney without a rebound.
16:42 of 1st period - Tyler Brenner wins face-off versus Artem Anisimov in Atomiques zone.
16:47 of 1st period - Snap shot by Linus Omark.
16:47 of 1st period - Stopped by David LeNeveu without a rebound.
16:48 of 1st period - Artem Anisimov wins face-off versus Tyler Brenner in Gangsters zone.
17:00 of 1st period - Wrist shot by Alexandre Daigle.
17:00 of 1st period - Stopped by David LeNeveu with a rebound.
17:02 of 1st period - Wrist shot by Linus Omark.
17:02 of 1st period - Deflect By Alexandre Daigle.
17:02 of 1st period - Shot Misses the Net.
17:02 of 1st period - Puck is out of play.
17:03 of 1st period - Marc-André Cliche wins face-off versus Brock Bradford in Gangsters zone.
17:10 of 1st period - Snap shot by Brad Winchester.
17:10 of 1st period - Shot Misses the Net.
17:12 of 1st period - Slapshot by Mattias Ohlund.
17:12 of 1st period - Stopped by David LeNeveu with a rebound.
17:14 of 1st period - Slapshot by Mattias Ohlund.
17:14 of 1st period - Stopped by David LeNeveu without a rebound.
17:15 of 1st period - Artem Anisimov wins face-off versus Tyler Brenner in Gangsters zone.
18:03 of 1st period - Shaun Heska is hit by Janne Niinimaa and loses puck.
18:10 of 1st period - Slapshot by Mattias Ohlund.
18:10 of 1st period - Shot Misses the Net.
18:28 of 1st period - Snap shot by Linus Omark.
18:28 of 1st period - Shot Misses the Net.
18:30 of 1st period - Slapshot by Tyler Brenner.
18:30 of 1st period - Shot Blocked by Shaun Heska.
18:54 of 1st period - Snap shot by Ryan Jones.
18:54 of 1st period - Stopped by Curtis McElhinney with a rebound.
19:04 of 1st period - Artem Anisimov is hit by Ryan Shannon and loses puck.
19:13 of 1st period - Snap shot by Ryan Shannon.
19:13 of 1st period - Deflect By Ryan Jones.
19:13 of 1st period - Shot Blocked by Ryan Jones.
19:13 of 1st period - Puck is out of play.
19:14 of 1st period - Tyler Brenner wins face-off versus Maxime Sauvé in Gangsters zone.
19:26 of 1st period - Minor Penalty to Maxime Sauvé for Hooking.
19:27 of 1st period - Chris Bourque wins face-off versus Tyler Brenner in Gangsters zone.
19:37 of 1st period - Wrist shot by Alexandre Daigle.
19:37 of 1st period - Stopped by David LeNeveu with a rebound.
19:39 of 1st period - Snap shot by Alexandre Daigle.
19:39 of 1st period - Shot Misses the Net.
19:41 of 1st period - Snap shot by Linus Omark.
19:41 of 1st period - Deflect By Alexandre Daigle.
19:41 of 1st period - Shot Misses the Net.
19:41 of 1st period - Puck is out of play.
19:42 of 1st period - Ryan Keller wins face-off versus Tyler Brenner in Gangsters zone.
19:53 of 1st period - Alexandre Daigle is hit by Ville Koistinen and loses puck.
Goals for this period are 0 for Atomiques vs 1 for Gangsters.
Shots for this period are 13 for Atomiques vs 16 for Gangsters.
2nd period
0:01 of 2nd period - Tyler Brenner wins face-off versus Ryan Keller in neutral zone.
0:10 of 2nd period - Wrist shot by Linus Omark.
0:10 of 2nd period - Shot Blocked by Cory Murphy.
0:12 of 2nd period - Snap shot by Linus Omark.
0:12 of 2nd period - Goal by Linus Omark - Atomiques : 1 - Gangsters : 1.
0:13 of 2nd period - Tyler Brenner wins face-off versus Alexandre Bolduc in neutral zone.
0:16 of 2nd period - Slapshot by Janne Niinimaa.
0:16 of 2nd period - Shot Blocked by Ville Koistinen.
0:18 of 2nd period - Slapshot by Mattias Ohlund.
0:18 of 2nd period - Shot Misses the Net.
1:15 of 2nd period - Slapshot by Shaun Heska.
1:15 of 2nd period - Goal by Shaun Heska - Atomiques : 1 - Gangsters : 2.
1:16 of 2nd period - Ryan Keller wins face-off versus Tyler Brenner in neutral zone.
1:25 of 2nd period - Bryan Young is hit by Tyler Brenner and loses puck.
1:42 of 2nd period - Brad Winchester is hit by Nick Foligno and loses puck.
2:35 of 2nd period - Alexandre Daigle is hit by Chris Bourque and loses puck.
2:50 of 2nd period - Alexandre Daigle is hit by Artem Anisimov and loses puck.
3:19 of 2nd period - Dave Dziurzynski is hit by Ryan Shannon and loses puck.
3:30 of 2nd period - Slapshot by Shaun Heska.
3:30 of 2nd period - Deflect By Chris Bourque.
3:30 of 2nd period - Shot Blocked by Ryan Shannon.
3:30 of 2nd period - Puck is out of play.
3:31 of 2nd period - Marc-André Cliche wins face-off versus Maxime Sauvé in Atomiques zone.
3:31 of 2nd period - Marc-André Cliche is hit by Colten Teubert.
3:59 of 2nd period - Icing by Luke Schenn.
4:00 of 2nd period - Artem Anisimov wins face-off versus Brett Sutter in Atomiques zone.
4:03 of 2nd period - Slapshot by Ryan Jones.
4:03 of 2nd period - Shot Misses the Net.
4:05 of 2nd period - Wrist shot by Nick Foligno.
4:05 of 2nd period - Shot Misses the Net.
4:07 of 2nd period - Wrist shot by Nick Foligno.
4:07 of 2nd period - Stopped by Curtis McElhinney with a rebound.
4:09 of 2nd period - Wrist shot by Ryan Jones.
4:09 of 2nd period - Stopped by Curtis McElhinney with a rebound.
4:17 of 2nd period - Kenndal McArdle is hit by Ryan Jones.
4:23 of 2nd period - Snap shot by Nick Foligno.
4:23 of 2nd period - Shot Misses the Net.
4:25 of 2nd period - Wrist shot by Artem Anisimov.
4:25 of 2nd period - Stopped by Curtis McElhinney with a rebound.
4:27 of 2nd period - Snap shot by Nick Foligno.
4:27 of 2nd period - Stopped by Curtis McElhinney with a rebound.
4:29 of 2nd period - Slapshot by Ryan Jones.
4:29 of 2nd period - Goal by Ryan Jones - Atomiques : 1 - Gangsters : 3.
4:30 of 2nd period - Alexandre Daigle wins face-off versus Alexandre Bolduc in neutral zone.
4:42 of 2nd period - Off-side.
4:43 of 2nd period - Alexandre Bolduc wins face-off versus Tyler Brenner in neutral zone.
6:32 of 2nd period - Wrist shot by John Zeiler.
6:32 of 2nd period - Shot Misses the Net.
6:34 of 2nd period - Wrist shot by John Zeiler.
6:34 of 2nd period - Stopped by David LeNeveu with a rebound.
7:04 of 2nd period - Wrist shot by Ryan Shannon.
7:04 of 2nd period - Shot Blocked by Bryan Young.
7:06 of 2nd period - Wrist shot by Andrew Kozek.
7:06 of 2nd period - Shot Misses the Net.
7:08 of 2nd period - Slapshot by Ryan Shannon.
7:08 of 2nd period - Stopped by David LeNeveu with a rebound.
7:18 of 2nd period - Alexandre Daigle is hit by Shaun Heska and loses puck.
7:27 of 2nd period - Icing by Linus Omark.
7:28 of 2nd period - Brock Bradford wins face-off versus Tyler Brenner in Atomiques zone.
7:29 of 2nd period - Wrist shot by Ryan Keller.
7:29 of 2nd period - Shot Misses the Net.
7:41 of 2nd period - Snap shot by Alexandre Daigle.
7:41 of 2nd period - Shot Misses the Net.
8:15 of 2nd period - Snap shot by Brad Winchester.
8:15 of 2nd period - Shot Misses the Net.
8:19 of 2nd period - Wrist shot by Brad Winchester.
8:19 of 2nd period - Stopped by David LeNeveu without a rebound.
8:20 of 2nd period - Artem Anisimov wins face-off versus Marc-André Cliche in Gangsters zone.
8:55 of 2nd period - Wrist shot by Brett Sutter.
8:55 of 2nd period - Shot Blocked by Bryan Young.
9:49 of 2nd period - Cory Murphy is hit by John Zeiler and loses puck.
9:56 of 2nd period - Wrist shot by Brad Winchester.
9:56 of 2nd period - Stopped by David LeNeveu with a rebound.
9:58 of 2nd period - Slapshot by Marc-André Cliche.
9:58 of 2nd period - Goal by Marc-André Cliche - Atomiques : 2 - Gangsters : 3.
9:59 of 2nd period - Alexandre Bolduc wins face-off versus Tyler Brenner in neutral zone.
10:12 of 2nd period - Chris Bourque is hit by Linus Omark and loses puck.
10:21 of 2nd period - Minor Penalty to Ville Koistinen for Hooking.
10:22 of 2nd period - Ryan Keller wins face-off versus Alexandre Daigle in Gangsters zone.
10:47 of 2nd period - Chris Bourque is hit by Marc-André Cliche and loses puck.
11:45 of 2nd period - John Carlson is hit by Colten Teubert and loses puck.
12:21 of 2nd period - Penalty to Ville Koistinen is over, Ville Koistinen is back on ice.
12:23 of 2nd period - Colten Teubert is hit by Alexandre Daigle and loses puck.
12:38 of 2nd period - Snap shot by Linus Omark.
12:38 of 2nd period - Shot Misses the Net.
12:40 of 2nd period - Slapshot by Alexandre Daigle.
12:40 of 2nd period - Shot Blocked by Ville Koistinen.
13:19 of 2nd period - Wrist shot by Alexandre Daigle.
13:19 of 2nd period - Shot Misses the Net.
13:21 of 2nd period - Wrist shot by Alexandre Daigle.
13:21 of 2nd period - Stopped by David LeNeveu with a rebound.
13:23 of 2nd period - Backhand shot by John Carlson.
13:23 of 2nd period - Stopped by David LeNeveu with a rebound.
13:25 of 2nd period - Slapshot by Mattias Ohlund.
13:25 of 2nd period - Shot Blocked by Alexandre Bolduc.
13:27 of 2nd period - Wrist shot by Linus Omark.
13:27 of 2nd period - Goal by Linus Omark - Atomiques : 3 - Gangsters : 3.
13:28 of 2nd period - Artem Anisimov wins face-off versus Brett Sutter in neutral zone.
13:58 of 2nd period - Scott Jackson is hit by Dave Dziurzynski and loses puck.
14:17 of 2nd period - Snap shot by Chris Bourque.
14:17 of 2nd period - Stopped by Curtis McElhinney with a rebound.
14:29 of 2nd period - Wrist shot by John Zeiler.
14:29 of 2nd period - Stopped by David LeNeveu with a rebound.
14:31 of 2nd period - Slapshot by Roman Polak.
14:31 of 2nd period - Deflect By Brad Winchester.
14:31 of 2nd period - Shot Misses the Net.
14:31 of 2nd period - Puck is out of play.
14:32 of 2nd period - Brett Sutter wins face-off versus Brock Bradford in Gangsters zone.
14:36 of 2nd period - Minor Penalty to Dave Dziurzynski for Interference.
14:37 of 2nd period - Ryan Keller wins face-off versus Alexandre Daigle in Gangsters zone.
16:36 of 2nd period - Penalty to Dave Dziurzynski is over, Dave Dziurzynski is back on ice.
17:06 of 2nd period - Shaun Heska is hit by Roman Polak and loses puck.
17:25 of 2nd period - Roman Polak is hit by Ryan Keller and loses puck.
18:04 of 2nd period - Minor Penalty to Kenndal McArdle for Hooking.
18:05 of 2nd period - Alexandre Bolduc wins face-off versus Brad Winchester in Atomiques zone.
18:49 of 2nd period - Snap shot by Linus Omark.
18:49 of 2nd period - Shot Misses the Net.
Goals for this period are 3 for Atomiques vs 2 for Gangsters.
Shots for this period are 10 for Atomiques vs 7 for Gangsters.
3rd period
0:01 of 3rd period - Alexandre Bolduc wins face-off versus Brad Winchester in neutral zone.
0:04 of 3rd period - Penalty to Kenndal McArdle is over, Kenndal McArdle is back on ice.
0:06 of 3rd period - Snap shot by Cory Murphy.
0:06 of 3rd period - Stopped by Curtis McElhinney with a rebound.
0:08 of 3rd period - Slapshot by Alexandre Bolduc.
0:08 of 3rd period - Shot Misses the Net.
0:10 of 3rd period - Snap shot by Alexandre Bolduc.
0:10 of 3rd period - Shot Blocked by John Zeiler.
0:12 of 3rd period - Slapshot by Alexandre Bolduc.
0:12 of 3rd period - Stopped by Curtis McElhinney with a rebound.
0:14 of 3rd period - Wrist shot by Ryan Keller.
0:14 of 3rd period - Stopped by Curtis McElhinney with a rebound.
0:16 of 3rd period - Slapshot by Alexandre Bolduc.
0:16 of 3rd period - Shot Blocked by Mattias Ohlund.
0:26 of 3rd period - Janne Niinimaa is hit by Nick Foligno and loses puck.
1:07 of 3rd period - Roman Polak is hit by Nick Foligno and loses puck.
1:12 of 3rd period - Slapshot by Cory Murphy.
1:12 of 3rd period - Stopped by Curtis McElhinney with a rebound.
1:14 of 3rd period - Slapshot by Cory Murphy.
1:14 of 3rd period - Deflect By Nick Foligno.
1:14 of 3rd period - Deflect By Roman Polak.
1:14 of 3rd period - Goal by Nick Foligno - Atomiques : 3 - Gangsters : 4.
1:15 of 3rd period - Alexandre Bolduc wins face-off versus Tyler Brenner in neutral zone.
1:22 of 3rd period - Snap shot by John Carlson.
1:22 of 3rd period - Deflect By Bryan Young.
1:22 of 3rd period - Stopped by David LeNeveu without a rebound.
1:23 of 3rd period - Tyler Brenner wins face-off versus Alexandre Bolduc in Gangsters zone.
1:48 of 3rd period - Snap shot by Ryan Shannon.
1:48 of 3rd period - Shot Blocked by Artem Anisimov.
1:58 of 3rd period - Slapshot by John Carlson.
1:58 of 3rd period - Stopped by David LeNeveu with a rebound.
2:12 of 3rd period - Backhand shot by Cory Murphy.
2:12 of 3rd period - Shot Blocked by Luke Schenn.
2:14 of 3rd period - Slapshot by Cory Murphy.
2:14 of 3rd period - Stopped by Curtis McElhinney without a rebound.
2:15 of 3rd period - Alexandre Bolduc wins face-off versus Brett Sutter in Atomiques zone.
2:16 of 3rd period - Snap shot by Chris Bourque.
2:16 of 3rd period - Shot Misses the Net.
2:18 of 3rd period - Snap shot by Ville Koistinen.
2:18 of 3rd period - Deflect By Ryan Keller.
2:18 of 3rd period - Shot Misses the Net.
2:18 of 3rd period - Puck is out of play.
2:19 of 3rd period - Alexandre Bolduc wins face-off versus Tyler Brenner in Atomiques zone.
2:40 of 3rd period - Minor Penalty to Alexandre Bolduc for Goalie Interference.
2:41 of 3rd period - Ryan Keller wins face-off versus Tyler Brenner in Gangsters zone.
2:41 of 3rd period - Ryan Keller is hit by Mattias Ohlund.
2:51 of 3rd period - Slapshot by Mattias Ohlund.
2:51 of 3rd period - Goal by Mattias Ohlund - Atomiques : 4 - Gangsters : 4.
2:52 of 3rd period - Chris Bourque wins face-off versus Tyler Brenner in neutral zone.
3:40 of 3rd period - Brock Bradford is hit by Kenndal McArdle and loses puck.
4:05 of 3rd period - Maxime Sauvé is hit by Scott Jackson.
4:25 of 3rd period - Snap shot by Ryan Jones.
4:25 of 3rd period - Stopped by Curtis McElhinney without a rebound.
4:26 of 3rd period - Artem Anisimov wins face-off versus Tyler Brenner in Atomiques zone.
4:29 of 3rd period - Wrist shot by Ryan Jones.
4:29 of 3rd period - Shot Misses the Net.
5:38 of 3rd period - Wrist shot by Linus Omark.
5:38 of 3rd period - Stopped by David LeNeveu without a rebound.
5:39 of 3rd period - Maxime Sauvé wins face-off versus Marc-André Cliche in Gangsters zone.
5:45 of 3rd period - Minor Penalty to Maxime Sauvé for Hooking.
5:46 of 3rd period - Ryan Keller wins face-off versus Tyler Brenner in Gangsters zone.
6:22 of 3rd period - Off-side.
6:23 of 3rd period - Nick Foligno wins face-off versus Marc-André Cliche in neutral zone.
6:55 of 3rd period - Wrist shot by John Zeiler.
6:55 of 3rd period - Shot Blocked by Bryan Young.
7:45 of 3rd period - Penalty to Maxime Sauvé is over, Maxime Sauvé is back on ice.
8:03 of 3rd period - Slapshot by Mattias Ohlund.
8:03 of 3rd period - Stopped by David LeNeveu without a rebound.
8:04 of 3rd period - Drew Larman wins face-off versus Brock Bradford in Gangsters zone.
8:22 of 3rd period - Ryan Keller is hit by Ryan Shannon and loses puck.
8:33 of 3rd period - Mattias Ohlund is hit by Maxime Sauvé and loses puck.
8:41 of 3rd period - Off-side.
8:42 of 3rd period - Tyler Brenner wins face-off versus Artem Anisimov in neutral zone.
9:11 of 3rd period - Minor Penalty to Colten Teubert for Charging.
9:12 of 3rd period - Ryan Keller wins face-off versus Tyler Brenner in Gangsters zone.
9:26 of 3rd period - Slapshot by John Carlson.
9:26 of 3rd period - Goal by John Carlson - Atomiques : 5 - Gangsters : 4.
9:27 of 3rd period - Alexandre Bolduc wins face-off versus Tyler Brenner in neutral zone.
10:11 of 3rd period - Slapshot by Mattias Ohlund.
10:11 of 3rd period - Deflect By Shaun Heska.
10:11 of 3rd period - Stopped by David LeNeveu without a rebound.
10:12 of 3rd period - Brock Bradford wins face-off versus Brett Sutter in Gangsters zone.
10:34 of 3rd period - Minor Penalty to Dave Dziurzynski for Tripping.
10:35 of 3rd period - Ryan Keller wins face-off versus Tyler Brenner in Gangsters zone.
10:40 of 3rd period - Slapshot by Cory Murphy.
10:40 of 3rd period - Stopped by Curtis McElhinney with a rebound.
12:34 of 3rd period - Penalty to Dave Dziurzynski is over, Dave Dziurzynski is back on ice.
12:47 of 3rd period - Andrew Kozek is hit by Dave Dziurzynski and loses puck.
13:01 of 3rd period - Andrew Kozek is hit by Shaun Heska and loses puck.
13:19 of 3rd period - Snap shot by Ryan Shannon.
13:19 of 3rd period - Deflect By Drew Larman.
13:19 of 3rd period - Shot Blocked by Bryan Young.
13:19 of 3rd period - Puck is out of play.
13:20 of 3rd period - Kenndal McArdle wins face-off versus Luke Gazdic in Gangsters zone.
13:32 of 3rd period - John Carlson is hit by Luke Gazdic and loses puck.
13:45 of 3rd period - Brett Sutter is hit by Brock Bradford and loses puck.
14:49 of 3rd period - Slapshot by Janne Niinimaa.
14:49 of 3rd period - Deflect By Ryan Shannon.
14:49 of 3rd period - Shot Misses the Net.
14:49 of 3rd period - Puck is out of play.
14:50 of 3rd period - Alexandre Bolduc wins face-off versus Drew Larman in Gangsters zone.
14:54 of 3rd period - Off-side.
14:55 of 3rd period - Tyler Brenner wins face-off versus Alexandre Bolduc in neutral zone.
15:15 of 3rd period - Ville Koistinen is hit by Luke Schenn and loses puck.
15:40 of 3rd period - Backhand shot by Brad Winchester.
15:40 of 3rd period - Shot Hit the Post.
15:42 of 3rd period - Snap shot by Brad Winchester.
15:42 of 3rd period - Stopped by David LeNeveu with a rebound.
15:44 of 3rd period - Snap shot by Roman Polak.
15:44 of 3rd period - Stopped by David LeNeveu without a rebound.
15:45 of 3rd period - Brett Sutter wins face-off versus Dave Dziurzynski in Gangsters zone.
18:24 of 3rd period - Slapshot by Janne Niinimaa.
18:24 of 3rd period - Stopped by David LeNeveu with a rebound.
18:26 of 3rd period - Slapshot by Tyler Brenner.
18:26 of 3rd period - Deflect By Bryan Young.
18:26 of 3rd period - Goal by Tyler Brenner - Atomiques : 6 - Gangsters : 4.
18:27 of 3rd period - Brock Bradford wins face-off versus Brett Sutter in neutral zone.
18:33 of 3rd period - Minor Penalty to Nick Johnson for Hooking.
18:34 of 3rd period - Brad Winchester wins face-off versus Alexandre Bolduc in Atomiques zone.
18:34 of 3rd period - Brad Winchester is hit by Ville Koistinen.
19:05 of 3rd period - Wrist shot by Artem Anisimov.
19:05 of 3rd period - Stopped by Curtis McElhinney without a rebound.
19:06 of 3rd period - Brad Winchester wins face-off versus Artem Anisimov in Atomiques zone.
19:41 of 3rd period - Snap shot by Nick Foligno.
19:41 of 3rd period - Stopped by Curtis McElhinney without a rebound.
19:42 of 3rd period - Brad Winchester wins face-off versus Alexandre Bolduc in Atomiques zone.
19:49 of 3rd period - Slapshot by Cory Murphy.
19:49 of 3rd period - Stopped by Curtis McElhinney with a rebound.
Goals for this period are 3 for Atomiques vs 1 for Gangsters.
Shots for this period are 11 for Atomiques vs 11 for Gangsters.
Output by the SimonT Hockey Simulator (STHS) for François Prévost -- Original Page W3C XHTML 1.0 Valid